 Dungeon Crawl Stone Soup version 0.32-a0-886-g41c5271 (webtiles) character file.

Game seed: 7658663078646174558

704 Dorkslayer the Ruffian (level 7, -2/66 HPs)
             Began as a Troll Fighter on Apr 2, 2024.
             Succumbed to a hornet's poison
             ... on level 4 of the Dungeon.
             The game lasted 00:06:09 (2493 turns).

Dorkslayer the Ruffian (Troll Fighter)              Turns: 2493, Time: 00:06:10

Health: -2/66      AC:  5    Str: 27    XL:     7   Next: 39%
Magic:  6/6        EV:  8    Int:  4    God:
Gold:   157        SH:  8    Dex:  9    Spells: 6/6 levels left

rFire   . .          .
                       - Unarmed
rCold   . . .        b - +0 kite shield
rNeg    . . .        a - +0 robe
rPois   .            (helmet restricted)
rElec   .            g - +0 cloak
rCorr   .            (gloves unavailable)
SInv    .            (boots unavailable)
Will    .....        (no amulet)
Stlth   +            (no ring)
HPRegen 1.11/turn    (no ring)
MPRegen 0.10/turn

%: no passive effects
@: mighty, lethally poisoned (-2 -> -10), slowed, very slow
A: large, unfitting armour, claws 3, regeneration 1, shaggy fur 1, tough skin 1,
passive freeze
a: no special abilities


You were on level 4 of the Dungeon.
You visited 1 branch of the dungeon, and saw 4 of its levels.

You collected 157 gold pieces.

Inventory:

Armour
 a - a +0 robe (worn)
 b - a +0 kite shield (worn)
 g - a +0 cloak (worn)
Jewellery
 e - a ring of ice
 h - a ring of fire
 k - a ring of ice
Scrolls
 d - a scroll of amnesia
 i - 2 scrolls of enchant weapon
 j - a scroll of poison {unknown}
Potions
 c - a potion of might
 l - a potion of ambrosia


   Skills:
 + Level 2.7 Fighting
 + Level 3.8 Dodging
 + Level 1.2 Stealth
 + Level 4.0 Shields
 + Level 6.0 Unarmed Combat


You had 6 spell levels left.
You didn't know any spells.
Your spell library contained the following spells:

 Spells                   Type           Power      Damage    Failure   Level
 Stone Arrow              Conj/Erth      0%         3d7       98%         3
 Animate Armour           Summ/Erth      0%         N/A       100%        4
 Lehudib's Crystal Spear  Conj/Erth      0%         10d2      100%        8


Dungeon Overview and Level Annotations

Branches:
Dungeon (4/15)
 Temple: D:4-7

Altars:
Trog


Innate Abilities, Weirdness & Mutations

You are too large for most types of armour.
You have claws for hands.
Your natural rate of healing is unusually fast.
You are covered in fur. (AC +1)
You have tough skin. (AC +1)
A frigid envelope surrounds you and freezes all who hurt you.


Message History

The hornet stings you!
You feel yourself slow down.
You can move again.
You mangle the hornet!!
The hornet is severely wounded.
You feel sick. You block the hornet's attack.
The orc wizard gestures at you while chanting.
The magic dart hits you. The hornet stings you!
You are more poisoned.
You feel as though you will be slow longer.
You block the orc wizard's attack.
The hornet stings you but does no damage.
Unknown command.
Unknown command.
It was a potion of mutation.
You feel extremely strange.
Your skin feels very cold.
You feel very sick. You block the hornet's attack.
The orc wizard closely misses you. The hornet stings you.
* * * LOW HITPOINT WARNING * * *
You are lethally poisoned!
You feel as though you will be slow longer.
The hornet is very cold.
The hornet is almost dead.
Unknown command.
Okay, then.
You barely miss the hornet.
The hornet is almost dead.
* * * LOW HITPOINT WARNING * * *
You feel extremely sick. The hornet completely misses you.
The orc wizard hits you but does no damage.
The hornet stings you.
* * * LOW HITPOINT WARNING * * *
You feel as though you will be slow longer.
The hornet is very cold.
The hornet is almost dead.
You block the orc wizard's attack.
You barely miss the hornet.
The hornet is almost dead.
You die...

#( ...... #.#
...... #.#
#...... #..
....... #.#
....... ######..
.......
.......###.......
#Ky@o# ####.###.#
#....# .# #.####
.# #.# .# #.# .#
#.# .# #.# .#
#.###


You could see a hornet, an orc wizard and a kobold.

Vanquished Creatures
  Pikel (D:4)
  Menkaure (D:4)
  A lemure (D:4)
  A bombardier beetle (D:3)
  2 adders (D:2)
  A dart slug (D:3)
  3 ribbon worms
  2 orcs (D:4)
  5 bats
  3 endoplasms
  4 giant cockroaches
  8 goblins
  9 hobgoblins
  9 kobolds
  2 quokkas
  4 ball pythons
  5 frilled lizards
  7 rats
68 creatures vanquished.

Notes
Turn   | Place    | Note
-------+----------+-------------------------------------------
     0 | D:1      | Dorkslayer the Troll Fighter began the quest for the Orb.
     0 | D:1      | Reached XP level 1. HP: 22/22 MP: 0/0
    69 | D:1      | Found a faded altar of an unknown god.
   287 | D:1      | Reached XP level 2. HP: 25/29 MP: 1/1
   967 | D:2      | Reached XP level 3. HP: 36/36 MP: 2/2
  1787 | D:3      | Reached XP level 4. HP: 44/44 MP: 3/3
  1837 | D:3      | Found a bloodstained altar of Trog.
  1915 | D:3      | Reached skill level 3 in Unarmed Combat
  2343 | D:4      | Noticed a lemure
  2344 | D:4      | Noticed a lemure
  2344 | D:4      | Noticed Pikel
  2353 | D:4      | Noticed a lemure
  2354 | D:4      | Noticed a lemure
  2357 | D:4      | Killed a lemure
  2364 | D:4      | Killed Pikel
  2365 | D:4      | Reached skill level 1 in Stealth
  2365 | D:4      | Reached skill level 5 in Unarmed Combat
  2365 | D:4      | Reached XP level 5. HP: 31/50 MP: 4/4
  2365 | D:4      | Reached XP level 6. HP: 37/59 MP: 5/5
  2365 | D:4      | Reached XP level 7. HP: 41/66 MP: 6/6
  2431 | D:4      | Noticed Menkaure
  2439 | D:4      | Killed Menkaure
  2440 | D:4      | Reached skill level 6 in Unarmed Combat
  2480 | D:4      | Noticed a hornet
  2488 | D:4      | Paralysed by a hornet for 2 turns
  2491 | D:4      | Gained mutation: A frigid envelope surrounds you and
                  | freezes all who hurt you. [potion of mutation]
  2492 | D:4      | HP: 1/66 [hornet (6)]
  2493 | D:4      | Succumbed to a hornet's poison

Illustrated notes

Levels and vault maps discovered:
D:1:      minmay_arrival_wavy_path, layout_basic,
          chequers_ecumenical_altar_island, minmay_misc_feat_rows,
          minmay_tromino_v4_a
D:2:      layout_basic
D:3:      layout_basic, trog_hazing_becter
D:4:      layout_loops_ring, uniq_pikel, uniq_menkaure, uniq_natasha

Skill      XL: |  1  2  3  4  5  6  7 |
---------------+----------------------+-----
Shields        | 3 4 |  4.0
Dodging        | 3 |  3.8
Unarmed Combat | 5 6 |  6.0
Stealth        | 1 |  1.2
Fighting       | |  2.7

Action                     |  1- 3 |  4- 6 |  7- 9 || total
---------------------------+-------+-------+-------++-------
  Melee: Unarmed           |    91 |    47 |    14 ||   152
    Use: Scroll            |     4 |     2 |       ||     6
         Potion            |       |       |     2 ||     2
   Stab: Sleeping          |     2 |       |       ||     2
 Armour: Robe              |    35 |    44 |    18 ||    97
  Dodge: Dodged            |    26 |    19 |     4 ||    49
  Block: Kite shield       |    26 |    24 |     7 ||    57

Table legend: (Time is in decaauts)
 A = Elapsed time spent in this place.
 B = Non-inter-level travel time spent in this place.
 C = Inter-level travel time spent in this place.
 D = Time resting spent in this place.
 E = Time spent auto-exploring this place.
 F = Levels seen in this place.
 G = Mean time per level.
                   A        B        C        D        E       F      G
               +--------+--------+--------+--------+--------+-----+--------+
         Total |   2503 |   2503 |      0 |      0 |   1544 |   4 |  625.8 |
       Dungeon |   2503 |   2503 |      0 |      0 |   1544 |   4 |  625.8 |
               +--------+--------+--------+--------+--------+-----+--------+

Top non-repeatable levels by time:
     D:1: 949 daAuts
     D:2: 842 daAuts
     D:3: 534 daAuts
     D:4: 177 daAuts
